cohdb
Replays
Latest Replays
All Replays
Popular Replays
Top Player Replays
Match Explorer
How It Works
Community
CoH3 Stats
Reddit
Sign in to upload your games and track your stats! →
Sign in with Steam
Match 42364939
Unlisted
Match 42364939
Overview
Messages
Build Orders
End
Construct Infanterie Kompanie
Kettenkrad Recon Vehicle
Selects Terror Battlegroup
Grenadier Squad
MG 42 Machine Gun Team
Grenadier Squad
Infanterie Officer Quarters
Sniper
Construct Panzergrenadier Kompanie
Pak 40 Anti-tank Gun Team
Support Elements
Selects Contempt for the Weak
Nebelwerfer 42 Rocket Launcher Team
Medical Bunker
Selects Propaganda Leaflet Drop
StuG III G Assault Gun
Panzergrenadier Squad
StuG III G Assault Gun
Nebelwerfer 42 Rocket Launcher Team
StuG III G Assault Gun
Pioneer Squad
Selects V1 Rocket Strike
Selects Heavy Gunnery
StuG III G Assault Gun
KevinTDW
Clairvoyance
Obersol
SxNine
0
0
Comments
sign in to comment!
No comments posted yet!